 Dungeon Crawl Stone Soup version 0.28-a0-8-g6e044cfa68 (webtiles) character file.

Game seed: 11561619659427267176

209 freelancePsychic the Ducker (level 5, 0/27 HPs)
             Began as a Spriggan Artificer on July 25, 2021.
             Succumbed to an adder's poison
             ... on level 3 of the Dungeon.
             The game lasted 00:08:45 (5208 turns).

freelancePsychic the Ducker (Spriggan Artificer)    Turns: 5208, Time: 00:08:46

Health: 0/27       AC:  2    Str:  9    XL:     5   Next: 55%
Magic:  6/6        EV: 19    Int: 12    God:
Gold:   98         SH:  4    Dex: 16    Spells: 4/4 levels left

rFire   . . .      SeeInvis +   g - +1 dagger
rCold   . . .      Faith    .   (shield restricted)
rNeg    . . .      Spirit   .   b - +0 robe
rPois   .          Reflect  .   (helmet restricted)
rElec   .          Harm     .   (no cloak)
rCorr   .          Rampage  .   (gloves unavailable)
Will    .....                   (boots unavailable)
Stlth   +++.......              (no amulet)
HPRegen 0.09/turn               (no ring)
MPRegen 0.10/turn               (no ring)

@: lethally poisoned (0 -> -4), very quick
A: very small, no large weapons, unfitting armour, see invisible, speed 3, large
bone plates 1
a: no special abilities


You were on level 3 of the Dungeon.
You visited 1 branch of the dungeon, and saw 4 of its levels.

You collected 98 gold pieces.

Inventory:

Hand Weapons
 g - a +1 dagger (weapon)
Missiles
 c - 14 poisoned darts
 f - 2 curare-tipped darts (quivered)
Armour
 b - a +0 robe (worn)
 h - a +0 buckler
Jewellery
 o - an amulet of guardian spirit
Wands
 d - a wand of charming (8)
 s - a wand of iceblast (2)
Scrolls
 a - 3 scrolls of identify {@r1}
 i - a scroll of enchant weapon
 k - a scroll of amnesia
 m - a scroll of fog
 p - a scroll of immolation
 t - 3 scrolls of teleportation {@r4}
 u - a scroll of enchant armour
Potions
 j - a potion of heal wounds {unknown}
 l - a potion of mutation
 n - a potion of brilliance {unknown}
 q - a potion of curing {unknown}
 r - a potion of lignification {unknown}
 v - a potion of might {unknown}
Miscellaneous
 e - a piece from Xom's chessboard (11/15)


   Skills:
 + Level 2.6 Fighting
 + Level 0.0 Short Blades
 + Level 5.2 Dodging
 - Level 4.9 Stealth
 - Level 4.2 Evocations


You had 4 spell levels left.
You didn't know any spells.
Your spell library contained the following spells:

 Spells                   Type           Power      Damage    Failure   Level
 Animate Dead             Necr           0%         N/A       97%         4
 Haunt                    Necr/Summ      0%         N/A       100%        7
 Infestation              Necr           0%         N/A       100%        8


Dungeon Overview and Level Annotations

Branches:
Dungeon (4/15)
 Temple: D:4-7

Altars:
Zin

Shops:
D:1 *


Innate Abilities, Weirdness & Mutations

You are very small and have problems with some larger weapons.
You are too small for most types of armour.
You have supernaturally acute eyesight. (SInv)
You cover ground extremely quickly. (Speed+++)
You are partially covered in large bone plates. (SH +4)


Message History

You are too injured to fight recklessly!
You are too injured to fight recklessly!
You are too injured to fight recklessly!
You closely miss the adder.
The adder is almost dead.
You feel sick. The adder completely misses you.
You hit the adder but do no damage.
The adder is almost dead.
You feel sick. The adder bites you.
You hit the adder but do no damage.
The adder is almost dead.
You feel sick. The adder misses you. x2
You barely miss the adder.
The adder is almost dead.
You feel sick.
You are no longer poisoned.
The adder bites you.
* * * LOW HITPOINT WARNING * * *
You hit the adder but do no damage.
The adder is almost dead.
The adder barely misses you.
Throw: 4 darts (curare)
Press: ? - help, Q - select action, (/) - cycle Shift-Dir - straight line, f - adder
Aim: an adder (almost dead, 42% to hit)
You throw a curare-tipped dart.
The curare-tipped dart closely misses the adder.
The adder bites you.
* * * LOW HITPOINT WARNING * * *
You are lethally poisoned!
The adder poisons you! The adder barely misses you.
Throw: 3 darts (curare)
Press: ? - help, Q - select action, (/) - cycle Shift-Dir - straight line, f/p - adder
Aim: an adder (almost dead, 42% to hit)
You throw a curare-tipped dart.
The curare-tipped dart closely misses the adder.
* * * LOW HITPOINT WARNING * * *
You feel sick. The adder misses you.
It was a potion of mutation.
You feel extremely strange.
Large bone plates grow over parts of your arms.
You die...

...†...(.# #.#.....#
.###..#### ##.#.....#
..##..# ##.......##
......# #.###..#.#
#.##.## #.# #..#.#
#.##.# #.###..#.#
...#.# ##..(#.#.#
.....# ###S#.#.#
...### #@#.#.# ...#
#>#.#.# #..# #.#.#.#
#..# #.#.#.#
#..#############.#.#.#
#....................#
#.#####.#.############
..........#
###########


You could see an adder.

Vanquished Creatures
  A scorpion (D:3)
  A hound (D:4)
  5 adders
  A worm (D:2)
  4 dart slugs
  4 endoplasms
  A giant cockroach (D:4)
  8 goblins
  5 hobgoblins
  3 jackals
  3 kobolds
  4 quokkas
  9 ball pythons
  2 bats
  2 frilled lizards (D:2)
  3 rats
56 creatures vanquished.

Vanquished Creatures (collateral kills)
  Ijyb (D:2)
  An adder (D:2)
  An endoplasm (D:3)
  A giant cockroach (D:3)
  4 goblins (D:2)
  A jackal (D:1)
9 creatures vanquished.

Vanquished Creatures (others)
  A jackal (D:1)
  A goblin (D:2)
2 creatures vanquished.

Grand Total: 67 creatures vanquished

Notes
Turn   | Place    | Note
-------+----------+-------------------------------------------
     0 | D:1      | freelancePsychic the Spriggan Artificer began the quest for
                  | the Orb.
     0 | D:1      | Reached XP level 1. HP: 9/9 MP: 2/2
   321 | D:1      | Reached skill level 1 in Fighting
   468 | D:1      | Found a faded altar of an unknown god.
   535 | D:1      | Found Remal's General Store.
   697 | D:1      | Reached XP level 2. HP: 14/14 MP: 3/3
  1994 | D:2      | Noticed Ijyb
  2007 | D:2      | Reached XP level 3. HP: 5/18 MP: 4/4
  2031 | D:2      | Your ally died
  2032 | D:2      | Reached skill level 4 in Dodging
  2912 | D:3      | Reached XP level 4. HP: 23/23 MP: 5/5
  3171 | D:3      | Noticed a scorpion
  3179 | D:3      | Killed a scorpion
  4123 | D:3      | Reached XP level 5. HP: 14/26 MP: 6/6
  4621 | D:4      | Reached skill level 5 in Dodging
  4954 | D:4      | Found a glowing silver altar of Zin.
  5207 | D:3      | HP: 1/27 [poisoned by an adder]
  5208 | D:3      | Gained mutation: You are partially covered in large bone
                  | plates. (SH +4) [potion of mutation]
  5208 | D:3      | Succumbed to an adder's poison

Illustrated notes

Levels and vault maps discovered:
D:1:      erik_arrival_triangle_medium, layout_basic,
          ebering_ecumenical_altar_rust, serial_shops, nicolae_shop_crystal,
          amcnicky_mini_corridor_feature
D:2:      kennysheep_the_goblin_king, layout_loops_ring
D:3:      layout_loops_ring
D:4:      layout_basic, kennysheep_flooded_box, chequers_jeans,
          uniq_crazy_yiuf_cottage

Skill      XL: |  1  2  3  4  5 |
---------------+----------------+-----
Fighting       | 1 2 |  2.6
Stealth        | 2 3 4 |  4.9
Dodging        | 4 5 |  5.2
Evocations     | |  4.2

Action                   |  1- 3 |  4- 6 || total
-------------------------+-------+-------++-------
Melee: Dagger            |   100 |   136 ||   236
       Club              |     8 |       ||     8
Throw: Dart              |       |    25 ||    25
Evoke: Wand              |    14 |     8 ||    22
       Piece from Xom's  |       |     6 ||     6
  Use: Scroll            |       |     6 ||     6
       Potion            |       |     1 ||     1
 Stab: Sleeping          |     9 |     6 ||    15
       Petrified         |       |     6 ||     6
Armor: Robe              |    11 |    12 ||    23
Dodge: Dodged            |    81 |   139 ||   220

Table legend: (Time is in decaauts)
 A = Elapsed time spent in this place.
 B = Non-inter-level travel time spent in this place.
 C = Inter-level travel time spent in this place.
 D = Time resting spent in this place.
 E = Time spent auto-exploring this place.
 F = Levels seen in this place.
 G = Mean time per level.
                   A        B        C        D        E       F      G
               +--------+--------+--------+--------+--------+-----+--------+
         Total |   4144 |   4080 |     64 |    588 |   2838 |   4 | 1036.0 |
       Dungeon |   4144 |   4080 |     64 |    588 |   2838 |   4 | 1036.0 |
               +--------+--------+--------+--------+--------+-----+--------+

Top non-repeatable levels by time:
     D:2: 1388 daAuts
     D:3: 1120 daAuts
     D:1: 945 daAuts
     D:4: 690 daAuts
